2410 views
Uploaded 2021-07-10 16:04:10
Game version 1.32.10
35:02 long 1on1 ladder game on (2)BrightwaterOasis
Saved by aom
2410 views
Uploaded 2021-07-10 16:04:10
Game version 1.32.10
35:02 long 1on1 ladder game on (2)BrightwaterOasis

45 units @ 6.7k
/ 0.8k
33 buildings @ 2.9k
/ 1.3k


| Scroll of Regeneration | 6 | 600 |
| Lesser Clarity Potion | 2 | 140 |
| Potion of Mana | 1 | 200 |
| Potion of Healing | 3 | 450 |
| Scroll of Town Portal | 4 | 1400 |
| Potion of Lesser Invulnerability | 1 | 150 |
| total: | 17 | 2940g |
| Peasant | 14 | 1050 | / | 0 |
| Footman | 4 | 540 | / | 0 |
| Rifleman | 10 | 2050 | / | 300 |
| Priest | 5 | 675 | / | 50 |
| Spell Breaker | 3 | 645 | / | 90 |
| Sorceress | 3 | 465 | / | 60 |
| Dragonhawk Rider | 4 | 800 | / | 120 |
| Gryphon Rider | 1 | 280 | / | 70 |
| Goblin Zeppelin | 1 | 240 | / | 60 |
| total: | 45 | 6745g | / | 750w |
| Scout Tower | 12 | 360 | / | 240 |
| Arcane Tower | 3 | 210 | / | 150 |
| Guard Tower | 7 | 490 | / | 350 |
| Altar of Kings | 1 | 180 | / | 50 |
| Farm | 11 | 880 | / | 220 |
| Barracks | 1 | 160 | / | 60 |
| Blacksmith | 1 | 140 | / | 60 |
| Arcane Vault | 1 | 130 | / | 30 |
| Lumber Mill | 2 | 240 | / | 0 |
| Town Hall | 1 | 385 | / | 205 |
| Arcane Sanctum | 2 | 300 | / | 280 |
| Gryphon Aviary | 1 | 140 | / | 150 |
| Keep | 1 | 320 | / | 210 |
| Castle | 1 | 360 | / | 210 |
| total: | 33 | 2915g | / | 1295w |
| 0:03 | Peasant |
| 0:03 | Peasant |
| 0:08 | Altar of Kings |
| 0:19 | Farm |
| 0:23 | Peasant |
| 0:36 | Barracks |
| 0:40 | Peasant |
| 0:51 | Farm |
| 0:55 | Farm |
| 0:59 | Peasant |
| 1:10 | Peasant |
| 1:31 | Scout Tower |
| 1:34 | Peasant |
| 1:48 | Footman |
| 1:57 | Farm |
| 2:06 | Peasant |
| 2:07 | Footman |
| 2:12 | Storm Bolt |
| 2:15 | Arcane Tower |
| 2:18 | Peasant |
| 2:37 | Footman |
| 2:41 | Peasant |
| 3:08 | Keep |
| 3:24 | Footman |
| 3:42 | Blacksmith |
| 3:55 | Arcane Vault |
| 4:15 | Farm |
| 4:19 | Thunder Clap |
| 4:32 | Lumber Mill |
| 4:38 | Defend |
| 5:09 | Rifleman |
| 5:24 | Farm |
| 5:45 | Improved Lumber Harvesting |
| 5:59 | Scroll of Regeneration |
| 6:02 | Lesser Clarity Potion |
| 6:03 | Potion of Mana |
| 6:53 | Scroll of Regeneration |
| 6:55 | Rifleman |
| 7:02 | Lesser Clarity Potion |
| 7:27 | Arcane Sanctum |
| 7:30 | Scout Tower |
| 7:37 | Siphon Mana |
| 7:45 | Farm |
| 7:47 | Rifleman |
| 8:10 | Potion of Healing |
| 8:23 | Goblin Zeppelin |
| 9:00 | Priest |
| 9:00 | Priest |
| 9:10 | Farm |
| 9:12 | Guard Tower |
| 9:37 | Long Rifles |
| 9:38 | Improved Masonry |
| 9:41 | Black Gunpowder |
| 9:45 | Priest Adept Training |
| 9:50 | Farm |
| 10:00 | Rifleman |
| 10:20 | Thunder Clap |
| 10:44 | Flame Strike |
| 10:48 | Rifleman |
| 11:13 | Spell Breaker |
| 11:16 | Arcane Sanctum |
| 11:45 | Rifleman |
| 12:04 | Sorceress Adept Training |
| 12:13 | Sorceress |
| 12:18 | Rifleman |
| 12:42 | Spell Breaker |
| 12:59 | Gryphon Aviary |
| 13:18 | Rifleman |
| 14:31 | Rifleman |
| 14:41 | Farm |
| 14:45 | Farm |
| 15:14 | Sorceress |
| 15:21 | Dragonhawk Rider |
| 15:58 | Potion of Lesser Invulnerability |
| 16:04 | Dragonhawk Rider |
| 16:28 | Sorceress Master Training |
| 16:45 | Dragonhawk Rider |
| 17:14 | Scroll of Regeneration |
| 17:44 | Scroll of Town Portal |
| 18:47 | Town Hall |
| 18:50 | Scout Tower |
| 18:53 | Scout Tower |
| 19:22 | Guard Tower |
| 19:24 | Scout Tower |
| 19:25 | Guard Tower |
| 19:40 | Lumber Mill |
| 19:59 | Guard Tower |
| 20:03 | Scout Tower |
| 20:46 | Banish |
| 20:56 | Storm Bolt |
| 20:56 | Storm Bolt |
| 21:09 | Castle |
| 21:12 | Scroll of Town Portal |
| 21:12 | Scroll of Regeneration |
| 21:24 | Guard Tower |
| 21:28 | Scout Tower |
| 21:30 | Scout Tower |
| 21:47 | Priest |
| 21:49 | Rifleman |
| 22:05 | Guard Tower |
| 22:25 | Priest |
| 22:40 | Scout Tower |
| 22:43 | Scout Tower |
| 22:57 | Arcane Tower |
| 23:05 | Sorceress |
| 23:10 | Arcane Tower |
| 23:43 | Gryphon Rider |
| 24:37 | Scroll of Regeneration |
| 24:41 | Scroll of Town Portal |
| 25:20 | Peasant |
| 25:20 | Peasant |
| 26:48 | Siphon Mana |
| 27:16 | Peasant |
| 28:20 | Priest |
| 28:59 | Scout Tower |
| 29:04 | Dragonhawk Rider |
| 29:30 | Guard Tower |
| 29:32 | Peasant |
| 30:26 | Scout Tower |
| 30:30 | Spell Breaker |
| 31:10 | Scroll of Town Portal |
| 32:51 | Scroll of Regeneration |
| 32:55 | Potion of Healing |
| 34:39 | Potion of Healing |
| Right click | 1454 |
| Select | 663 |
| Select group | 337 |
| Build/train/purchase | 129 |
| Use ability | 82 |
| Misc. action | 66 |
| Assign group | 40 |
| Item give/drop | 6 |
| Chat | 4 |
| Remove unit | 2 |
48 units @ 5.9k
/ 0.6k
14 buildings @ 2.3k
/ 1k



| Rod of Necromancy | 3 | 450 |
| Ritual Dagger | 2 | 250 |
| Potion of Mana | 2 | 400 |
| Scroll of Town Portal | 3 | 1050 |
| Scroll of Healing | 2 | 500 |
| Circlet of Nobility | 2 | 350 |
| Potion of Lesser Invulnerability | 2 | 300 |
| Scroll of Protection | 1 | 150 |
| total: | 17 | 3450g |
| Acolyte | 21 | 1575 | / | 0 |
| Ghoul | 12 | 1440 | / | 0 |
| Banshee | 6 | 930 | / | 180 |
| Frost Wyrm | 1 | 385 | / | 120 |
| Gargoyle | 2 | 350 | / | 60 |
| Obsidian Statue | 2 | 400 | / | 70 |
| Crypt Fiend | 4 | 860 | / | 160 |
| total: | 48 | 5940g | / | 590w |
| Spirit Tower | 2 | 290 | / | 80 |
| Crypt | 1 | 200 | / | 50 |
| Ziggurat | 4 | 600 | / | 200 |
| Altar of Darkness | 1 | 180 | / | 50 |
| Tomb of Relics | 1 | 130 | / | 30 |
| Graveyard | 1 | 215 | / | 0 |
| Necropolis | 2 | 450 | / | 0 |
| Sacrificial Pit | 1 | 75 | / | 150 |
| Temple of the Damned | 1 | 155 | / | 140 |
| Slaughterhouse | 1 | 140 | / | 135 |
| Boneyard | 1 | 175 | / | 200 |
| Halls of the Dead | 1 | 320 | / | 210 |
| Black Citadel | 1 | 325 | / | 230 |
| total: | 14 | 2320g | / | 955w |
| 0:03 | Acolyte |
| 0:05 | Crypt |
| 0:06 | Ziggurat |
| 0:10 | Acolyte |
| 0:34 | Altar of Darkness |
| 0:41 | Acolyte |
| 0:41 | Acolyte |
| 0:41 | Acolyte |
| 0:48 | Acolyte |
| 0:48 | Acolyte |
| 0:48 | Acolyte |
| 0:48 | Acolyte |
| 0:59 | Tomb of Relics |
| 1:06 | Ghoul |
| 1:20 | Ghoul |
| 1:34 | Ziggurat |
| 1:45 | Ghoul |
| 2:18 | Graveyard |
| 2:39 | Rod of Necromancy |
| 2:42 | Sleep |
| 3:09 | Halls of the Dead |
| 3:12 | Cannibalize |
| 3:28 | Ghoul |
| 4:08 | Ritual Dagger |
| 4:08 | Rod of Necromancy |
| 4:45 | Unholy Armor |
| 5:06 | Vampiric Aura |
| 5:43 | Breath of Fire |
| 5:47 | Black Citadel |
| 5:50 | Sacrificial Pit |
| 5:51 | Ziggurat |
| 6:57 | Temple of the Damned |
| 7:01 | Ziggurat |
| 7:54 | Creature Attack |
| 8:09 | Boneyard |
| 8:23 | Banshee Adept Training |
| 8:24 | Banshee |
| 8:49 | Acolyte |
| 9:08 | Slaughterhouse |
| 9:28 | Circlet of Nobility |
| 9:35 | Drunken Brawler |
| 9:39 | Vampiric Aura |
| 10:05 | Frost Wyrm |
| 10:15 | Spirit Tower |
| 10:22 | Acolyte |
| 10:22 | Acolyte |
| 10:34 | Acolyte |
| 10:35 | Acolyte |
| 10:42 | Gargoyle |
| 10:43 | Gargoyle |
| 10:45 | Acolyte |
| 10:45 | Acolyte |
| 11:37 | Acolyte |
| 11:51 | Rod of Necromancy |
| 11:54 | Breath of Fire |
| 11:59 | Death Coil |
| 12:26 | Unholy Aura |
| 13:13 | Ghoul |
| 13:13 | Ghoul |
| 13:13 | Ghoul |
| 13:38 | Necropolis |
| 13:46 | Carrion Swarm |
| 13:56 | Potion of Lesser Invulnerability |
| 13:56 | Scroll of Town Portal |
| 13:57 | Scroll of Healing |
| 13:57 | Scroll of Protection |
| 14:43 | Banshee |
| 14:44 | Banshee Master Training |
| 14:49 | Ghoul |
| 15:29 | Death Coil |
| 15:47 | Acolyte |
| 15:47 | Acolyte |
| 15:47 | Acolyte |
| 15:47 | Acolyte |
| 16:25 | Stone Form |
| 16:29 | Ghoul |
| 16:29 | Ghoul |
| 16:29 | Ghoul |
| 16:29 | Ghoul |
| 16:33 | Banshee |
| 17:21 | Drunken Brawler |
| 17:39 | Potion of Mana |
| 17:39 | Potion of Mana |
| 17:48 | Obsidian Statue |
| 18:46 | Ghoul Frenzy |
| 18:48 | Unholy Strength |
| 19:42 | Circlet of Nobility |
| 19:50 | Scroll of Town Portal |
| 19:54 | Scroll of Healing |
| 19:55 | Potion of Lesser Invulnerability |
| 20:21 | Necropolis |
| 21:05 | Spirit Tower |
| 21:14 | Crypt Fiend |
| 21:26 | Banshee |
| 21:34 | Crypt Fiend |
| 22:10 | Banshee |
| 22:10 | Banshee |
| 22:14 | Crypt Fiend |
| 22:49 | Scroll of Town Portal |
| 22:57 | Web |
| 23:32 | Crypt Fiend |
| 24:34 | Vampiric Aura |
| 25:13 | Unholy Aura |
| 26:43 | Drunken Brawler |
| 28:14 | Obsidian Statue |
| 30:17 | Ritual Dagger |
| 32:17 | Unholy Aura |
| Select group | 1165 |
| Right click | 1034 |
| Select | 555 |
| Misc. action | 217 |
| Build/train/purchase | 130 |
| Use ability | 107 |
| Assign group | 40 |
| Item give/drop | 19 |
| Remove unit | 3 |
| Minimap ping | 3 |
| Chat | 3 |
| Esc | 1 |